 Dungeon Crawl Stone Soup version 0.28-a0-1286-g6bde065e89 (webtiles) character file.

Game seed: 7590302601162031613

207 funkygono the Firebug (level 5, -2/38 HPs)
             Began as a Draconian Fire Elementalist on Dec 26, 2021.
             Was an Initiate of Vehumet.
             Slain by an orc priest (6 damage)
             ... on level 4 of the Dungeon.
             The game lasted 00:05:45 (3455 turns).

funkygono the Firebug (Draconian Fire Elementalist) Turns: 3455, Time: 00:05:45

Health: -2/38      AC:  7    Str: 13 (16) XL:     5   Next: 54%
Magic:  3/8        EV: 12    Int: 17 (19) God:    Vehumet [......]
Gold:   204        SH:  0    Dex:  9 (12) Spells: 0/10 levels left

rFire   + . .      SeeInvis .   c - +0 dagger
rCold   . . .      Faith    .   (no shield)
rNeg    . . .      Spirit   .   (armour unavailable)
rPois   .          Reflect  .   (helmet restricted)
rElec   .          Harm     .   h - +1 cloak of Sif Muna's Reproof {rF+ Str+4 Int+2}
rCorr   +          Rampage  .   (no gloves)
Will    .....                   (no boots)
Stlth   +.........              (no amulet)
HPRegen 0.12/turn               g - ring of resist corrosion
MPRegen 0.11/turn               (no ring)

@: confused, mighty, lethally poisoned (-2 -> -5)
A: AC +5, unfitting armour, cold-blooded, low mp 1, strong 1
a: Renounce Religion


You were on level 4 of the Dungeon.
You worshipped Vehumet.
Vehumet was noncommittal.
You visited 2 branches of the dungeon, and saw 5 of its levels.

You collected 204 gold pieces.

Inventory:

Hand Weapons
 c - a +0 dagger (weapon)
Missiles
 b - 30 stones
Armour
 a - a +0 buckler
 h - the +1 cloak of Sif Muna's Reproof (worn) {rF+ Str+4 Int+2}
   (You found it on level 4 of the Dungeon)

   Str:       It affects your strength (+4).
   Int:       It affects your intelligence (+2).
   rF:        It protects you from fire.
 n - a +0 cloak
Jewellery
 g - a ring of resist corrosion (left hand)
Wands
 e - a wand of iceblast (3)
Scrolls
 d - a scroll of enchant armour
 f - a scroll of fear {unknown}
 i - a scroll of blinking
 j - 3 scrolls of magic mapping {unknown}


   Skills:
 + Level 2.2 Dodging
 - Level 1.7 Stealth
 * Level 3.2 Spellcasting
 * Level 2.8 Conjurations
 * Level 4.5 Fire Magic


You couldn't memorise any spells.
You knew the following spells:

 Your Spells              Type           Power      Damage    Failure   Level
a - Foxfire               Conj/Fire      60%        2x1d7     3%          1
b - Scorch                Fire           36%        2d7       4%          2
c - Conjure Flame         Conj/Fire      15%        6-21      11%         3
d - Flame Wave            Conj/Fire      15%        2d5       36%         4

Your spell library contained the following spells:

 Spells                   Type           Power      Damage    Failure   Level
 Static Discharge         Conj/Air       7%         N/A       14%         2
 Inner Flame              Hex/Fire       10%        N/A       21%         3
 Sublimation of Blood     Necr           2%         N/A       26%         2
 Wereblood                Tmut           2%         N/A       26%         2
 Sticky Flame             Conj/Fire      15%        2d4       36%         4
 Dispel Undead            Necr           2%         3d7       86%         4
 Summon Hydra             Summ           1%         N/A       100%        7


Dungeon Overview and Level Annotations

Branches:
Dungeon (4/15)             Temple (1/1) D:4

Altars:
Ashenzari
Cheibriados
Dithmenos
Elyvilon
Fedhas
Gozag
Hepliaklqana
Kikubaaqudgha
Makhleb
Nemelex Xobeh
Okawaru
Qazlal
Ru
Sif Muna
Trog
Uskayaw
Vehumet
Wu Jian
Xom
Yredelemnul
The Shining One

Annotations:
D:2 Natasha


Innate Abilities, Weirdness & Mutations

Your plain brown scales are hard. (AC +5)
You cannot fit into any form of body armour.
You are cold-blooded and may be slowed by cold attacks.
Your magical capacity is low. (-10% MP)
Your muscles are strong. (Str +2)


Message History

The orc hits you with a +1 whip of venom.
You are more poisoned.
You feel sick.
The jackal bites you but does no damage.
The orc priest looks satisfied for a moment.
You bump into the rock wall.
You feel very sick.
The quokka bites you but does no damage.
The jackal closely misses you. Something hits you.
* * * LOW HITPOINT WARNING * * *
The quokka bites you but does no damage.
Okay, then.
It was a potion of mutation.
You feel extremely strange.
You feel less energetic.
You feel stronger.
You feel sick.
The jackal bites you but does no damage.
The jackal bites you.
* * * LOW HITPOINT WARNING * * *
The quokka misses you.
Welcome back, funkygono the Draconian Fire Elementalist.
Vehumet says: Let it end in hellfire!
Press ? for a list of commands and other information.
Unknown command.
It was a potion of degeneration.
There was something very wrong with that liquid.
You feel weakened.
You feel dopey.
You feel clumsy.
You feel sick. The jackal misses you. The quokka closely misses you.
The orc closely misses you.
It was a potion of might.
You feel very mighty all of a sudden.
You feel sick.
The jackal bites you but does no damage.
You hear some strange, mumbled words.
A puff of flame appears from out of thin air!
Deactivating autopickup; reactivate with Ctrl-A.
The puff of flame hits you but does no damage.
The quokka bites you.
* * * LOW HITPOINT WARNING * * *
The orc priest hits you with a +0 short sword.
You die...

#.#.#####....
#.#.#####....
#.#.##.......
#######.#.##.##....
#.......#.##.##.#..
###.####..#....(..#.#
#......#.......#.....
####.#o##.#.#######...#.
#.....{@#.#.# #..#.#
#.##.#ohr...# #.#.#.
#..oJ...## #..#.>
......[..#.#..# #.#.#.
..##.###.#.#..# #..#.#
.. .†...<...# #...#. #..
............####..... #.
.....................[ #
.........#.............


You could see an orc priest, 2 orcs, an endoplasm, a quokka and a jackal.

Vanquished Creatures
  A necrophage (D:4)
  A hound (D:4)
  3 adders
  A worm (D:2)
  4 dart slugs
  2 orcs (D:4)
  3 bats
  6 endoplasms
  A giant cockroach (D:4)
  6 hobgoblins
  5 jackals
  10 ball pythons
  4 frilled lizards
  5 goblins
  A kobold (D:1)
  A rat (D:1)
54 creatures vanquished.

Vanquished Creatures (others)
  149 foxfires
149 creatures vanquished.

Grand Total: 203 creatures vanquished

Notes
Turn   | Place    | Note
-------+----------+-------------------------------------------
     0 | D:1      | funkygono the Draconian Fire Elementalist began the quest
                  | for the Orb.
     0 | D:1      | Reached XP level 1. HP: 14/14 MP: 3/3
    26 | D:1      | Found a faded altar of an unknown god.
   157 | D:1      | Reached XP level 2. HP: 20/20 MP: 3/5
   160 | D:1      | Learned a level 2 spell: Scorch
   876 | D:2      | Reached XP level 3. HP: 26/26 MP: 3/6
   937 | D:2      | Learned a level 3 spell: Conjure Flame
  1068 | D:2      | Found a burning altar of Makhleb.
  1092 | D:2      | Noticed Natasha
  1893 | D:3      | Reached XP level 4. HP: 31/33 MP: 1/7
  1894 | D:3      | Reached skill level 4 in Fire Magic
  2301 | D:4      | Noticed a necrophage
  2316 | D:4      | Killed a necrophage
  2317 | D:4      | Reached XP level 5. HP: 35/38 MP: 0/9
  2322 | D:4      | Learned a level 4 spell: Flame Wave
  2409 | D:4      | Found a staircase to the Ecumenical Temple.
  2483 | Temple   | Entered the Ecumenical Temple
  2663 | Temple   | Became a worshipper of Vehumet
  3074 | D:4      | Identified the +1 cloak of Sif Muna's Reproof {rF+ Str+4
                  | Int+2}
  3453 | D:4      | Gained mutation: Your magical capacity is low. (-10% MP)
                  | [potion of mutation]
  3453 | D:4      | Gained mutation: Your muscles are strong. (Str +2) [potion
                  | of mutation]
  3455 | D:4      | Slain by an orc priest

Illustrated notes

Levels and vault maps discovered:
D:1:      minmay_arrival_solitary_statue, layout_rooms,
          dreamdust_ecumenical_altar_statues
D:2:      layout_loops_ring, basic_altar, uniq_natasha
D:3:      layout_basic, hex_large
D:4:      layout_loops_cross, minmay_temple_entry_grid
Temple:   mainiacjoe_temple_starburst

Skill      XL: |  1  2  3  4 |
---------------+-------------+-----
Dodging        | 2 |  2.2
Fire Magic     | 4 |  4.5
Spellcasting   | 3 |  3.2
Conjurations   | 2 |  2.8
Stealth        | |  1.7

Action                   |  1- 3 |  4- 6 || total
-------------------------+-------+-------++-------
Melee: Dagger            |     8 |    11 ||    19
       Tailslap          |     1 |     1 ||     2
 Cast: Foxfire           |    62 |    30 ||    92
       Scorch            |     8 |     7 ||    15
  Use: Scroll            |     3 |       ||     3
       Potion            |       |     3 ||     3
Armor: Skin              |     7 |    18 ||    25
Dodge: Dodged            |    16 |    18 ||    34

Table legend: (Time is in decaauts)
 A = Elapsed time spent in this place.
 B = Non-inter-level travel time spent in this place.
 C = Inter-level travel time spent in this place.
 D = Time resting spent in this place.
 E = Time spent auto-exploring this place.
 F = Levels seen in this place.
 G = Mean time per level.
                   A        B        C        D        E       F      G
               +--------+--------+--------+--------+--------+-----+--------+
         Total |   3453 |   3318 |    135 |     30 |   2841 |   5 |  690.6 |
       Dungeon |   2888 |   2802 |     86 |     30 |   2337 |   4 |  722.0 |
        Temple |    564 |    516 |     48 |      0 |    504 |   1 |  564.0 |
               +--------+--------+--------+--------+--------+-----+--------+

Top non-repeatable levels by time:
     D:2: 1022 daAuts
     D:1: 682 daAuts
     D:3: 594 daAuts
     D:4: 589 daAuts
  Temple: 564 daAuts
